 Dungeon Crawl Stone Soup version 0.24.0-29-g8ce449bc06 (webtiles) character file.

Game seed: 376719922685973074, levelgen mode: deterministic

445 Aelig the Jinx (level 6, -6/32 HPs)
             Began as a Vampire Enchanter on Nov 16, 2019.
             Mangled by an ogre
             ... wielding a +0 giant club
              (14 damage)
             ... on level 5 of the Dungeon.
             The game lasted 00:11:40 (3478 turns).

Aelig the Jinx (Vampire Enchanter)                  Turns: 3478, Time: 00:11:40

Health: -6/32      AC:  3    Str:  7    XL:     6   Next: 72%
Magic:  6/9        EV: 12    Int: 20    God:
Gold:   203        SH:  0    Dex: 14    Spells: 3/9 levels left

rFire    + + .     SeeInvis +   a - +1 dagger (venom)
rCold    + + .     Gourm    .   (no shield)
rNeg     + + +     Faith    .   b - +1 robe
rPois    ∞         Spirit   .   (no helmet)
rElec    .         Reflect  .   (no cloak)
rCorr    .         Harm     .   (no gloves)
MR       .....                  (no boots)
Stlth    +++++.....             l - amulet of magic regeneration
HPRegen  0.00/turn              j - ring of protection from fire
MPRegen  0.36/turn              i - ring of protection from fire

@: bloodless, regenerating quickly
A: no food, fangs 3, see invisible, unbreathing
a: Bat Form, Revivify


You were on level 5 of the Dungeon.
You were bloodless.

You visited 1 branch of the dungeon, and saw 5 of its levels.

You collected 203 gold pieces.

Inventory:

Hand Weapons
 a - a +1 dagger of venom (weapon)
Armour
 b - a +1 robe (worn)
Jewellery
 i - a ring of protection from fire (right hand)
 j - a ring of protection from fire (left hand)
 l - an amulet of magic regeneration (around neck)
Scrolls
 c - a scroll of fog {unknown}
 d - 4 scrolls of remove curse
 e - a scroll of fear {unknown}
 g - a scroll of enchant weapon
 h - a scroll of magic mapping {unknown}
 n - a scroll of enchant armour
 q - a scroll of teleportation {unknown}
Potions
 f - 2 potions of degeneration
 k - a potion of berserk rage {unknown}
 m - 2 potions of agility
 o - a potion of lignification {unknown}
 p - a potion of resistance {unknown}


   Skills:
 + Level 3.8 Short Blades
 - Level 2.1 Dodging
 - Level 4.4 Stealth
 - Level 2.0 Spellcasting
 + Level 8.6 Hexes
 - Level 3.0 Ice Magic


You had 3 spell levels left.
You knew the following spells:

 Your Spells              Type           Power        Failure   Level  Hunger
a - Corona                Hex            #####..      1%          1    N/A
b - Ensorcelled Hibernat  Hex/Ice        ####..       2%          2    N/A
c - Confuse               Hex            #####...     1%          3    N/A

Your spell library contained the following spells:

 Spells                   Type           Power        Failure   Level  Hunger
 Tukima's Dance           Hex            #####...     1%          3    N/A
 Dazzling Spray           Conj/Hex       ###...       9%          3    N/A

Dungeon Overview and Level Annotations

Branches:
Dungeon (5/15)
 Temple: D:4-7

Altars:

Shops:
D:5 :


Innate Abilities, Weirdness & Mutations

You do not eat.
You do not regenerate when monsters are visible.
You are frail without blood (-20% HP).
You can heal yourself when you bite living creatures.
You are immune to poison.
You have razor-sharp teeth.
You have supernaturally acute eyesight. (SInv)
You can survive without breathing.


Message History

Confirm with . or Enter, or press ? or * to list all spells.
Aiming: Confuse (safe; 1% risk of failure)
Press: ? - help, Shift-Dir - straight line, f - ogre
Aim: an ogre, wielding a +0 giant club (chance to defeat MR: 64%)
The ogre appears confused.
You barely miss the ogre.
The ogre hits you with a +0 giant club!!
Ouch! That really hurt!
* * * LOW HITPOINT WARNING * * *
There is a stone staircase leading up here.
The ogre shouts, "What's happening?!"
Casting: Confuse (safe; 1% risk of failure)
Confirm with . or Enter, or press ? or * to list all spells.
Aiming: Ensorcelled Hibernation (safe; 2% risk of failure)
Press: ? - help, Shift-Dir - straight line, f/p - ogre
Aim: an ogre, wielding a +0 giant club (confused, chance to defeat MR: 54%)
The ogre looks drowsy...
The ogre shouts!
The ogre hits you with a +0 giant club!
You die...

### ### ......
..... ##...#
#.$#.# #
##....##.#.>
#.####....#......
#......O.∩....#
####.@<##.###
##.## # #.# #.#
#.# #.# #.# ..#
###


You could see an ogre (confused).

Vanquished Creatures
  A scorpion (D:4)
  An orc priest (D:3)
  3 orc wizards
  An iguana (D:4)
  3 worker ants (D:4)
  3 gnolls (D:4)
  9 adders
  3 worms (D:4)
  12 orcs
  A ball python (D:4)
  6 goblins
  3 hobgoblins
  2 jackals (D:4)
  5 bats
  3 frilled lizards
  3 giant cockroaches
  7 kobolds
66 creatures vanquished.

Notes
Turn   | Place    | Note
-------+----------+-------------------------------------------
     0 | D:1      | Aelig the Vampire Enchanter began the quest for the Orb.
     0 | D:1      | Reached XP level 1. HP: 13/13 MP: 3/3
   370 | D:1      | Reached skill level 5 in Hexes
   533 | D:2      | Reached XP level 2. HP: 14/19 MP: 1/5
   563 | D:2      | Learned a level 2 spell: Ensorcelled Hibernation
   747 | D:2      | Reached XP level 3. HP: 18/24 MP: 0/6
   785 | D:2      | HP: 1/24 [adder (4)]
   788 | D:2      | Reached skill level 6 in Hexes
   788 | D:2      | Reached skill level 1 in Ice Magic
   993 | D:2      | Learned a level 3 spell: Confuse
  1227 | D:2      | Noticed an orc warrior
  1534 | D:3      | Reached XP level 4. HP: 21/24 MP: 5/7
  2143 | D:3      | Reached skill level 7 in Hexes
  2190 | D:3      | Reached XP level 5. HP: 28/28 MP: 2/8
  2798 | D:4      | Reached XP level 6. HP: 32/32 MP: 9/9
  2842 | D:3      | Reached skill level 8 in Hexes
  3469 | D:5      | Entered Level 5 of the Dungeon
  3469 | D:5      | Found Jocagena's Book Shoppe.
  3478 | D:5      | Mangled by an ogre

Levels and vault maps discovered:
D:1:      eino_arrival_water_star, layout_rooms, minmay_misc_feat_ornament
D:2:      layout_rooms, lightli_corner_chamber
D:3:      layout_loops_ring
D:4:      layout_gridville, first_ration, kennysheep_nondescript
D:5:      layout_loops_ring, serial_shops, shop, shop, shop, nicolae_shop_trees

Skill      XL: |  1  2  3  4  5  6 |
---------------+-------------------+-----
Hexes          | 5 6 7 8 |  8.6
Ice Magic      | 1 2 3 |  3.0
Short Blades   | 2 3 |  3.8
Dodging        | |  2.1
Stealth        | |  4.4
Spellcasting   | |  2.0

Action                   |  1- 3 |  4- 6 || total
-------------------------+-------+-------++-------
Melee: Dagger            |   108 |    98 ||   206
       Bite              |     3 |     4 ||     7
 Cast: Corona            |    18 |    10 ||    28
       Ensorcelled Hiber |    10 |    20 ||    30
       Confuse           |       |     4 ||     4
 Abil: Exsanguinate      |     1 |       ||     1
  Use: Potion            |     2 |       ||     2
       Scroll            |       |     5 ||     5
 Stab: Sleeping          |    12 |    27 ||    39
       Confused          |       |     1 ||     1
Armor: Robe              |    21 |    10 ||    31
Dodge: Dodged            |    79 |    50 ||   129
